cohdb
Replays
Latest Replays
All Replays
Popular Replays
Top Player Replays
Match Explorer
How It Works
Community
CoH3 Stats
Reddit
Sign in to upload your games and track your stats! →
Sign in with Steam
Match 31548232
Unlisted
Match 31548232
Overview
Messages
Build Orders
End
Selects Australian Defense Battlegroup
Selects Australian Light Infantry Section
Australian Light Infantry Section
Construct Section Command Post
Infantry Section
Infantry Section
Construct Platoon Command Post
Humber Armored Car
Selects CMP 15cwt Supply Run
CMP 15cwt Supply Run
Infantry Section
Infantry Section
Infantry Training
Grenade Package
Construct Company Command Post
Selects Defensive Tactics
Selects Vehicle Over Repair
Matilda II Heavy Tank
Vickers Machine Gun Team
Foot Guards Section
Foot Guards Section
Selects Artillery Trip Wire Flares
Selects Charged Creeping Barrage
Royal Engineer Section
Speznuts
IJ-Cones
Arashenstein
Nomadic_09
0
0
Comments
sign in to comment!
No comments posted yet!